 Dungeon Crawl Stone Soup version 0.30-b1-2-g02819fbbbe (webtiles) character file.

Game seed: 4314457689633383659

2326 Dirian the Protected (level 9, -4/71 (79) HPs)
             Began as a Minotaur Berserker on May 15, 2023.
             Was a Priest of Trog.
             Slain by a wight
             ... wielding a +5 halberd
              (9 damage)
             ... on level 8 of the Dungeon.
             The game lasted 00:10:04 (6478 turns).

Dirian the Protected (Minotaur Berserker)           Turns: 6478, Time: 00:10:05

HP:   -4/71 (79)    AC: 11    Str: 25    XL:     9   Next: 19%
MP:   8/8           EV: 10    Int:  4    God:    Trog [***...]
Gold: 400           SH:  0    Dex: 11    Spells: 8/8 levels left

rFire   . . .        g - +0 war axe
rCold   + . .        (no shield)
rNeg    . . .        t - +0 chain mail
rPois   +            (helmet restricted)
rElec   .            (no cloak)
rCorr   .            (no gloves)
SInv    .            (no boots)
Will    ++...        (no amulet) Stlth
                     j - ring of protection from cold
HPRegen 1.31/turn    b - ring of poison resistance
MPRegen 0.11/turn

%: no passive effects
@: strong-willed, on berserk cooldown, regenerating, slowed, heavily drained,
very slow
A: horns 2, retaliatory headbutt
a: Renounce Religion, Berserk, Trog's Hand


You were on level 8 of the Dungeon.
You worshipped Trog.
Trog was most pleased with you.
You visited 2 branches of the dungeon, and saw 9 of its levels.

You collected 400 gold pieces.

Inventory:

Hand Weapons
 g - a +0 war axe (weapon)
Armour
 t - a +0 chain mail (worn)
 u - a +0 plate armour
Jewellery
 b - a ring of poison resistance (right hand)
 j - a ring of protection from cold (left hand)
Wands
 m - a wand of flame (9)
 o - a wand of light (11)
 s - a wand of mindburst (13)
 v - a wand of roots (12)
Scrolls
 a - a scroll of enchant armour
 e - 4 scrolls of magic mapping
 i - 4 scrolls of fear
 k - a scroll of brand weapon
 r - 2 scrolls of identify
 w - a scroll of noise {unknown}
Potions
 c - 4 potions of flight
 d - 3 potions of might
 f - 2 potions of lignification
 h - a potion of haste
 l - 2 potions of ambrosia
 n - a potion of resistance
 p - 4 potions of attraction
 q - 3 potions of curing
 x - a potion of invisibility


   Skills:
 + Level 7.0 Fighting
 + Level 9.7 Axes
 + Level 10.1 Armour
 + Level 2.9 Dodging


You had 8 spell levels left.
You didn't know any spells.
Your spell library was empty.

Dungeon Overview and Level Annotations

Branches:
Dungeon (8/15) Zot: 26884  Temple (1/1) D:7 Zot: 5606
   Lair: D:8-11

Altars:
Ashenzari
Cheibriados
Dithmenos
Elyvilon
Fedhas
Hepliaklqana
Kikubaaqudgha
Makhleb
Nemelex Xobeh
Okawaru
Qazlal
Ru
Sif Muna
Trog
Uskayaw
Vehumet
Wu Jian
Xom
Yredelemnul
Zin
The Shining One

Shops:
D:3 =   D:6 (


Innate Abilities, Weirdness & Mutations

You have a pair of horns on your head.
You reflexively headbutt those who attack you in melee.


Message History

Your skin crawls.
You feel strong-willed. Something hits you.
The wight hits you from afar with a +5 halberd!
You feel drained.
You slash something! You headbutt something. Something hits you.
The wight closely misses you. Something hits you but does no damage.
The wight hits you from afar with a +5 halberd!
* * * LOW HITPOINT WARNING * * *
You feel drained.
* * * LOW HITPOINT WARNING * * *
You miss something. You headbutt something. Trog accepts your kill.
Trog appreciates your killing of a magic user.
Reactivating autopickup.
You feel a bit more experienced. The wight closely misses you.
The wight barely misses you.
You slash the wight! You headbutt the wight!
You destroy the wight!
Trog accepts your kill.
You hit the wight. The wight hits you but does no damage.
The wight barely misses you.
Your Fighting skill increases to level 7!
The wight hits you with a +5 halberd.
* * * LOW HITPOINT WARNING * * *
The wight hits you with a +5 halberd!
* * * LOW HITPOINT WARNING * * *
You feel drained.
* * * LOW HITPOINT WARNING * * *
The wight hits you but does no damage.
You feel better. The wight closely misses you.
The wight hits you with a +5 halberd!
* * * LOW HITPOINT WARNING * * *
You feel drained.
* * * LOW HITPOINT WARNING * * *
You slash the wight!
The wight is heavily damaged.
You completely miss the wight. The wight hits you but does no damage.
The wight hits you with a +5 halberd!
You die...

.<... ..... ...# ..
.... ..( .#### ...#
#. .## .... ...
#...## #...##..
#..... ####...... .
#...## ≈≈S#...#z# ..
#..... #..)#@# ..<.
###### #...)z###....
#####).#.....
###.))...... .##
#....##.#... ..#
#....##.# ###.#
#>......# #≈#.# ##
#.......# #≈#.### #.
#.......####≈#...###.


You could see 2 wights.

Vanquished Creatures
  An unseen horror (D:7)
  Grinder (D:3)
  3 ice beasts
  2 ogres
  A sky beast (D:7)
  A centaur (D:5)
  Blork the orc (D:4)
  A bullfrog (D:8)
  A scorpion (D:5)
  3 wights (D:8)
  4 killer bees (D:7)
  4 hounds
  2 orc priests
  2 iguanas
  A sleepcap (D:7)
  Ijyb (D:5)
  Terence (D:2)
  5 orc wizards
  Robin (D:2)
  4 gnolls (D:2)
  6 adders
  2 white imps
  4 ufetubi
  4 worms
  4 dart slugs
  14 orcs
  8 ball pythons
  13 bats
  11 endoplasms
  4 giant cockroaches
  10 goblins
  11 hobgoblins
  10 jackals
  4 kobolds
  3 quokkas
  A frilled lizard (D:2)
  2 rats
151 creatures vanquished.

Notes
Turn   | Place    | Note
-------+----------+-------------------------------------------
     0 | D:1      | Dirian the Minotaur Berserker began the quest for the Orb.
     0 | D:1      | Reached XP level 1. HP: 19/19 MP: 0/0
    56 | D:1      | HP: 1/20 [frozen (5)]
   167 | D:1      | Reached XP level 2. HP: 21/27 MP: 1/1
   727 | D:1      | Reached ** piety under Trog
   768 | D:1      | Reached XP level 3. HP: 33/33 MP: 2/2
  1148 | D:2      | Reached skill level 3 in Armour
  1151 | D:2      | Reached XP level 4. HP: 24/41 MP: 3/3
  1250 | D:2      | Reached skill level 5 in Axes
  1288 | D:2      | Noticed Robin
  1310 | D:2      | Killed Robin
  1320 | D:2      | Reached XP level 5. HP: 18/47 MP: 4/4
  1488 | D:2      | You fall into a shaft and drop 2 floors!
  1502 | D:4      | Reached skill level 4 in Armour
  1521 | D:4      | Noticed an ice beast
  1548 | D:4      | Killed an ice beast
  1549 | D:4      | Reached skill level 5 in Fighting
  1549 | D:4      | Reached XP level 6. HP: 56/56 MP: 5/5
  1565 | D:3      | Found Ytee's Jewellery Shop.
  1693 | D:2      | Noticed Terence
  1701 | D:2      | Killed Terence
  1712 | D:2      | Reached skill level 5 in Armour
  2164 | D:3      | Noticed Grinder
  2165 | D:3      | Paralysed by Grinder for 3 turns
  2188 | D:3      | Paralysed by Grinder for 5 turns
  2202 | D:3      | Killed Grinder
  2333 | D:3      | Found a faded altar of an unknown god.
  2739 | D:4      | Reached XP level 7. HP: 61/61 MP: 6/6
  2745 | D:4      | Reached skill level 6 in Armour
  2911 | D:4      | Noticed Blork the orc
  2920 | D:4      | Killed Blork the orc
  3174 | D:5      | Entered Level 5 of the Dungeon
  3341 | D:5      | Reached skill level 7 in Armour
  3633 | D:5      | Noticed Ijyb
  3652 | D:5      | Killed Ijyb
  3653 | D:5      | Reached XP level 8. HP: 64/70 MP: 7/7
  3977 | D:6      | Reached *** piety under Trog
  3996 | D:6      | Found a basalt altar of Yredelemnul.
  4055 | D:6      | Found Nyupuh's Weapon Shoppe.
  4167 | D:6      | Found a glowing silver altar of Zin.
  4177 | D:6      | Reached skill level 8 in Armour
  4931 | D:7      | Found a staircase to the Ecumenical Temple.
  4967 | Temple   | Entered the Ecumenical Temple
  5416 | D:7      | Killed an unseen horror
  5601 | D:7      | Reached skill level 9 in Armour
  5747 | D:7      | Found a bloodstained altar of Trog.
  5850 | D:7      | Reached XP level 9. HP: 59/78 MP: 8/8
  6167 | D:7      | Found a white marble altar of Elyvilon.
  6460 | D:8      | Reached skill level 10 in Armour
  6476 | D:8      | HP: 3/75 [wight/+5 halberd (13)]
  6476 | D:8      | HP: 1/73 [wight/+5 halberd (2)]
  6478 | D:8      | Slain by a wight

Illustrated notes

Levels and vault maps discovered:
D:1:      psy_arrival_radial01, layout_loops_corners, corner_web_ring,
          minmay_misc_feat_tower, minmay_tetromino_o4
D:2:      layout_rooms, minivault_14, uniq_terence, uniq_robin
D:3:      layout_basic, ebering_ecumenical_altar_hall, serial_shops,
          nicolae_shop_statue_plus, uniq_grinder
D:4:      layout_cave_pools, kennysheep_decorative_pillar, uniq_blork_the_orc
D:5:      layout_rooms, minmay_fractal_squares_gapless_5, uniq_ijyb
D:6:      layout_layer_cave, mainiacjoe_overflow_paths, old_standard_altar,
          serial_shops, nicolae_shop_bloodbath_and_beyond, roderic_batcave
D:7:      layout_basic, overflow_temple_1_default, general_overflow_altar,
          minmay_temple_entry_statues_pillars, dk_noncrumbling_2
D:8:      layout_rooms, serial_aquarium, aquarium_bridge_straight
          [aquarium_subvault_bridge, aquarium_subvault_wall,
          aquarium_subvault_bridge, aquarium_subvault_window],
          aquarium_window_fake, aquarium_window_corner,
          aquarium_window_corridor_2, aquarium_view_2b, aquarium_view_2d,
          serial_shops, shop, shop, shop, kennysheep_opposing_triangles
Temple:   sentei_temple_godly_chess

Skill      XL: |  1  2  3  4  5  6  7  8  9 |
---------------+----------------------------+-----
Axes           | 4 5 6 8 9 |  9.7
Fighting       | 4 5 6 7 |  7.0
Armour         | 3 4 5 7 9 10 | 10.1
Dodging        | |  2.9

Action                     |  1- 3 |  4- 6 |  7- 9 || total
---------------------------+-------+-------+-------++-------
  Melee: Hand axe          |    52 |   109 |    93 ||   254
         Headbutt          |     5 |    19 |    39 ||    63
         Punch             |       |     1 |     2 ||     3
         War axe           |       |       |   139 ||   139
 Invoke: Berserk           |     1 |     4 |     3 ||     8
         Trog's Hand       |       |     1 |     3 ||     4
    Use: Scroll            |       |       |    22 ||    22
         Potion            |       |       |     3 ||     3
   Stab: Sleeping          |     2 |       |       ||     2
 Armour: Animal skin       |     2 |       |       ||     2
         Leather armour    |    15 |       |       ||    15
         Ring mail         |     2 |    25 |       ||    27
         Scale mail        |       |    14 |    29 ||    43
         Chain mail        |       |       |   136 ||   136
  Dodge: Dodged            |    46 |    57 |   104 ||   207
